AoeStats
← Henkjood

Black Forest

507824609Analyzed
4v4 RM · 11d ago on Sep 19, 2026· 47m 6s· 8 players
Game mode
Random Map
Map size
Large (8 player)
Population
200
Speed
Normal
Resources
Standard
Victory
Conquest
Starting age
Dark Age
Ending age
Imperial Age
RankedLock teamsTeams togetherTeam positionsShared explorationLock speedFull tech treeHidden civsTurbo modeCheats
Victory
Defeat
🇳🇱 Britons · Netherlands
1213
+12
🇪🇸 Franks · Spain
1063
+18
🇪🇸 Goths · Spain
1046
+18
🇳🇱 Bohemians · Netherlands
945
+22
🇸🇪 Dravidians · Sweden
1129
-19
🇵🇰 Franks · Pakistan
1120
-18
🇹🇷 Mongols · Türkiye
1118
-18
🇺🇸 Burgundians · United States
1034
-15
Marttexx
11:06 Feudal Age
12:16 Double-Bit Axe
17:23 Castle Age
19:07 Wheelbarrow
18:46 Bow Saw
21:39 Hand Cart
24:28 Stone Mining
24:28 Gold Mining
26:51 Gold Shaft Mining
29:02 Scale Barding Armor
29:07 Forging
33:47 Imperial Age
32:12 Pikeman
33:49 Ballistics
33:56 Cavalier
34:02 Cavalier
34:14 Capped Ram
34:16 Onager
35:37 Chain Barding Armor
35:53 Iron Casting
35:28 Paladin
36:33 Conscription
36:14 Chivalry
37:04 Husbandry
36:25 Light Cavalry
36:28 Halberdier
38:26 Plate Barding Armor
38:52 Blast Furnace
41:47 Caravan
42:18 Coinage
41:51 Caravan
44:56 Chemistry
44:04 Siege Engineers
44:31 Fortified Wall
44:29 Padded Archer Armor
44:19 Fletching
Zaadlucht
7:31 Loom
11:41 Feudal Age
12:24 Double-Bit Axe
16:07 Castle Age
13:51 Horse Collar
17:17 Bow Saw
17:32 Heavy Plow
21:55 Wheelbarrow
25:35 Gold Mining
30:08 Imperial Age
28:17 Fletching
28:48 Ballistics
29:10 Bodkin Arrow
29:47 Hand Cart
28:57 Pikeman
30:18 Yeomen
30:24 Padded Archer Armor
30:31 Elite Longbowman
31:42 Bracer
32:55 Conscription
33:19 Squires
34:21 Leather Archer Armor
34:06 Scale Mail Armor
33:28 Halberdier
35:42 Chemistry
35:20 Arson
37:35 Forging
39:08 Ring Archer Armor
38:54 Chain Mail Armor
39:14 Iron Casting
41:39 Plate Mail Armor
43:04 Blast Furnace
Henkjood
0:54 Loom
13:04 Feudal Age
13:58 Horse Collar
14:04 Double-Bit Axe
19:20 Castle Age
19:49 Wheelbarrow
20:53 Bow Saw
27:03 Hand Cart
31:21 Imperial Age
30:21 Heavy Plow
30:29 Pikeman
33:23 Chemistry
32:43 Caravan
35:24 Two-Man Saw
33:59 Houfnice
35:29 Conscription
36:06 Elite Hussite Wagon
43:27 Ballistics
43:14 Siege Engineers
pablov02
0:38 Loom
11:48 Feudal Age
16:20 Castle Age
14:55 Double-Bit Axe
15:04 Horse Collar
16:06 Gold Mining
19:03 Wheelbarrow
19:04 Bow Saw
18:53 Stone Mining
20:11 Heavy Plow
23:59 Hand Cart
30:00 Imperial Age
28:33 Stone Shaft Mining
28:01 Scale Mail Armor
28:13 Squires
28:31 Pikeman
30:07 Forging
30:02 Anarchy
30:29 Chain Mail Armor
30:16 Halberdier
32:20 Perfusion
33:29 Iron Casting
36:12 Blast Furnace
36:00 Conscription
35:42 Elite Huskarl
38:13 Two-Man Saw
41:23 Fletching
42:05 Crop Rotation
FappingFuriously
14:03 Feudal Age
14:42 Horse Collar
14:50 Double-Bit Axe
16:08 Loom
16:25 Loom
19:02 Castle Age
18:09 Fletching
18:19 Padded Archer Armor
18:52 Forging
18:43 Scale Mail Armor
22:52 Heavy Plow
28:25 Wheelbarrow
32:57 Imperial Age
31:07 Chain Mail Armor
30:19 Pikeman
31:02 Squires
31:48 Iron Casting
31:23 Caravan
31:05 Man-at-Arms
31:33 Arson
31:35 Gambesons
32:10 Hand Cart
32:19 Bow Saw
32:39 Fletching
32:51 Padded Archer Armor
33:24 Bodkin Arrow
33:54 Ballistics
33:32 Murder Holes
33:30 Long Swordsman
33:48 Elite Skirmisher
35:05 Plate Mail Armor
35:38 Blast Furnace
35:14 Conscription
35:17 Wootz Steel
36:04 Leather Archer Armor
35:51 Bracer
36:55 Chemistry
35:37 Two-Handed Swordsman
37:26 Ring Archer Armor
36:58 Champion
38:33 Wootz Steel
43:49 Two-Man Saw
43:11 Heavy Scorpion
Astorre Aprile
0:31 Loom
11:48 Feudal Age
12:59 Town Watch
13:20 Double-Bit Axe
13:19 Horse Collar
14:47 Bow Saw
20:29 Castle Age
21:02 Caravan
28:55 Two-Man Saw
30:03 Treadmill Crane
34:31 Imperial Age
32:25 Ballistics
31:37 Elite Skirmisher
32:01 Crossbowman
33:03 Fletching
33:14 Padded Archer Armor
33:35 Fortified Wall
33:21 Murder Holes
34:05 Town Patrol
34:41 Wheelbarrow
35:05 Masonry
34:57 Stone Mining
35:00 Gold Mining
36:33 Stone Shaft Mining
37:07 Chemistry
36:56 Bodkin Arrow
37:17 Leather Archer Armor
46:29 Scale Barding Armor
MEFEYE
0:55 Loom
11:39 Feudal Age
13:36 Double-Bit Axe
18:37 Castle Age
21:02 Bow Saw
21:30 Horse Collar
27:26 Heavy Plow
32:23 Imperial Age
31:20 Wheelbarrow
30:31 Town Watch
31:00 Fletching
31:14 Padded Archer Armor
31:20 Scale Barding Armor
30:45 Light Cavalry
31:36 Bloodlines
31:27 Husbandry
31:59 Nomads
32:48 Caravan
33:33 Conscription
32:43 Heavy Cavalry Archer
34:08 Parthian Tactics
33:58 Gold Mining
34:47 Leather Archer Armor
34:28 Bodkin Arrow
35:01 Thumb Ring
36:49 Chemistry
36:29 Ballistics
36:24 Fortified Wall
37:20 Bracer
37:27 Scale Barding Armor
37:33 Forging
36:45 Light Cavalry
39:08 Chain Barding Armor
38:10 Hussar
38:44 Elite Skirmisher
40:41 Iron Casting
40:07 Scale Mail Armor
45:14 Town Patrol
45:30 Hand Cart
44:51 Elite Mangudai
Hamid9514
11:28 Feudal Age
12:15 Loom
16:30 Castle Age
14:38 Double-Bit Axe
24:52 Wheelbarrow
29:43 Imperial Age
28:09 Bow Saw
27:53 Stone Mining
27:56 Gold Mining
29:35 Forging
29:30 Scale Barding Armor
29:28 Husbandry
30:42 Gold Shaft Mining
30:05 Cavalier
30:48 Chivalry
31:55 Iron Casting
31:16 Paladin
32:19 Chain Barding Armor
33:26 Capped Ram
36:33 Blast Furnace
44:32 Light Cavalry
Connection lost

Rejoining the realm…

Still unreachable

The connection could not be restored.

Session expired

The server has moved on; the page needs a fresh start.